 Dungeon Crawl Stone Soup version 0.21.0-30-g47ce8e4 (webtiles) character file.

4 Monsterracer the Vexing (level 1, 0/16 HPs)
             Began as a Draconian Arcane Marksman on Jan 28, 2018.
             Killed from afar by a dart slug (6 damage)
             ... with a slug dart
             ... on level 1 of the Dungeon.
             The game lasted 00:00:17 (133 turns).

Monsterracer the Vexing (Draconian Arcane Marksman)  Turns: 133, Time: 00:00:18

Health: 0/16       AC:  4    Str: 12    XL:     1   Next: 50%
Magic:  2/2        EV: 12    Int: 13    God:
Gold:   4          SH:  0    Dex: 11    Spells: 1/2 levels left

rFire    . . .     SeeInvis .     - Unarmed
rCold    . . .     Gourm    .   (no shield)
rNeg     . . .     Faith    .   (armour unavailable)
rPois    .         Spirit   .   (helmet restricted)
rElec    .         Reflect  .   (no cloak)
rCorr    .         Harm     .   (no gloves)
MR       .....                  (no boots)
Stlth    +.........             (no amulet)
HPRegen  0.05/turn              (no ring)
MPRegen  0.08/turn              (no ring)

@: no status effects
A: unfitting armour, cold-blooded, AC +4
a: no special abilities


You were on level 1 of the Dungeon.
You were not hungry.

You visited 1 branch of the dungeon, and saw 1 of its levels.

You collected 4 gold pieces.

Inventory:

Missiles
 b - 5 javelins (quivered)
 d - 2 throwing nets
Comestibles
 c - a ration


   Skills:
 - Level 1.1 Fighting
 - Level 1.7 Throwing
 - Level 1.7 Dodging
 + Level 1.1 Unarmed Combat
 - Level 1.0 Spellcasting
 - Level 2.6 Hexes


You had one spell level left.
You knew the following spells:

 Your Spells              Type           Power        Failure   Level  Hunger
a - Corona                Hex            #......      10%         1    ##.....


Dungeon Overview and Level Annotations

Branches:
Dungeon (1/15)

Altars:


Innate Abilities, Weirdness & Mutations

Your plain brown scales are hard. (AC +4)
You cannot fit into any form of body armour.
You are cold-blooded and may be slowed by cold attacks.


Message History

The hobgoblin shouts!
A hobgoblin is nearby!
There is an open door here.
You completely miss the hobgoblin. You tail-slap the hobgoblin.
The hobgoblin is moderately wounded.
The hobgoblin hits you but does no damage.
You closely miss the hobgoblin.
The hobgoblin is moderately wounded.
You hit the hobgoblin but do no damage.
The hobgoblin is moderately wounded.
The hobgoblin hits you but does no damage.
You hit the hobgoblin.
The hobgoblin is heavily wounded.
The hobgoblin misses you.
You barely miss the hobgoblin.
The hobgoblin is heavily wounded.
The hobgoblin hits you with a club.
You take 2 damage, and have 14/16 hp.
You hit the hobgoblin but do no damage.
The hobgoblin is heavily wounded.
The hobgoblin misses you.
You hit the hobgoblin but do no damage.
The hobgoblin is heavily wounded.
The hobgoblin barely misses you.
You hit the hobgoblin.
The hobgoblin is almost dead.
The hobgoblin closely misses you.
You hit the hobgoblin but do no damage.
The hobgoblin is almost dead.
The hobgoblin hits you but does no damage.
You closely miss the hobgoblin.
The hobgoblin is almost dead.
The hobgoblin misses you.
You hit the hobgoblin.
You kill the hobgoblin!
No target in view!
No target in view!
A rat comes into view.
A rat is nearby!
A rat is nearby!
Health restored: 16 You closely miss the rat.
Your tail-slap misses the rat.
The rat bites you.
You take 1 damage, and have 15/16 hp.
You completely miss the rat. The rat bites you but does no damage.
You hit the rat.
The rat is heavily wounded.
The rat bites you but does no damage.
Drop what? 4/52 slots (_ for help) (? for menu, Esc to quit)
You drop a book of Debilitation.
The rat bites you.
You take 2 damage, and have 13/16 hp.
You hit the rat.
You kill the rat!
No target in view!
No target in view!
HP restored.
You see here a rat corpse.
You now have 4 gold pieces.
A kobold comes into view.
The kobold shouts!
Health restored: 16 A kobold is nearby!
A kobold is nearby!
A goblin comes into view.
The kobold hits you.
You take 4 damage, and have 12/16 hp.
MASSIVE DAMAGE!!
You are too injured to fight recklessly!
You are too injured to fight recklessly!
You are too injured to fight recklessly!
You are too injured to fight recklessly!
You closely miss the kobold.
The goblin shouts!
The kobold barely misses you.
A dart slug comes into view.
You barely miss the kobold. The kobold hits you.
You take 3 damage, and have 9/16 hp.
You barely miss the kobold. The kobold closely misses you.
You barely miss the kobold.
Your tail-slap misses the kobold.
The kobold barely misses you.
You hit the kobold but do no damage. The kobold closely misses you.
You hit the kobold.
Your tail-slap misses the kobold.
The kobold is moderately wounded.
The kobold barely misses you.
You barely miss the kobold.
The kobold is moderately wounded.
The kobold hits you but does no damage.
You barely miss the kobold.
You kill the kobold!
You hit the goblin.
You kill the goblin!
Your Unarmed Combat skill increases to level 1!
The dart slug launches a dart at you. The slug dart hits you!
* * * LOW HITPOINT WARNING * * *
You see here a goblin corpse.
You take 3 damage, and have 6/16 hp.
You hit the dart slug. You tail-slap the dart slug.
The dart slug is moderately wounded.
The dart slug launches a dart at you. The slug dart hits you!
You die...

#.....#
#.....#
......
....# ....
..# #w# ..
#@# ..# #.#
..#
#.#####.#
#....##.#
####....##
#.. #.....#
..# #.....#
.. #####..#
#.##...#..#


You could see a dart slug.

Vanquished Creatures
  A goblin (D:1)
  A hobgoblin (D:1)
  A kobold (D:1)
  A rat (D:1)
4 creatures vanquished.

Notes
Turn   | Place    | Note
-------+----------+-------------------------------------------
     0 | D:1      | Monsterracer the Draconian Arcane Marksman began the quest for the Orb.
     0 | D:1      | Reached XP level 1. HP: 16/16 MP: 2/2
   131 | D:1      | Reached skill level 1 in Unarmed Combat
   132 | D:1      | HP: 6/16 [dart slug/slug dart (3)]
   133 | D:1      | Killed from afar by a dart slug

Skill      XL: |  1 |
---------------+----+-----
Unarmed Combat | 1 |  1.1
Fighting       | |  1.1
Throwing       | |  1.7
Dodging        | |  1.7
Spellcasting   | |  1.0
Hexes          | |  2.6

Action                   || total
-------------------------++-------
Melee: Unarmed           ||    25
       Tailslap          ||     3
Armor: Skin              ||     5
Dodge: Dodged            ||    10

Vault maps used:
D:1:      saegor_arrival_miasma, minmay_misc_feat_ornament
